 Dungeon Crawl Stone Soup version 0.28-a0-722-gc0678643b6 (webtiles) character file.

Game seed: 11882144543864251835

98 Lekart the Vexing (level 4, 0/36 HPs)
             Began as a Draconian Arcane Marksman on Oct 24, 2021.
             Was a Believer of Vehumet.
             Slain by an orc (5 damage)
             ... on level 3 of the Dungeon.
             The game lasted 00:04:15 (2801 turns).

Lekart the Vexing (Draconian Arcane Marksman)       Turns: 2801, Time: 00:04:16

Health: 0/36       AC:  5    Str: 12    XL:     4   Next: 44%
Magic:  2/6        EV: 12    Int: 14    God:    Vehumet [**....]
Gold:   213        SH:  0    Dex: 12    Spells: 2/6 levels left

rFire   . . .      SeeInvis .   a - +0 hand crossbow
rCold   . . .      Faith    .   (no shield)
rNeg    . . .      Spirit   .   (armour unavailable)
rPois   .          Reflect  .   (helmet restricted)
rElec   .          Harm     .   (no cloak)
rCorr   .          Rampage  .   (no gloves)
Will    .....                   (no boots)
Stlth   +.........              (no amulet)
HPRegen 0.12/turn               (no ring)
MPRegen 0.10/turn               (no ring)

@: very slightly contaminated
A: AC +5, unfitting armour, cold-blooded
a: Renounce Religion


You were on level 3 of the Dungeon.
You worshipped Vehumet.
Vehumet was pleased with you.
You visited 1 branch of the dungeon, and saw 4 of its levels.

You collected 213 gold pieces.

Inventory:

Hand Weapons
 a - a +0 hand crossbow (weapon)
Missiles
 c - 3 bolts (quivered ammo)
Scrolls
 f - 2 scrolls of enchant armour {unknown}
 g - a scroll of vulnerability {unknown}
 h - a scroll of fog {unknown}
 k - a scroll of enchant weapon {unknown}
 l - a scroll of teleportation {unknown}
 o - a scroll of immolation {unknown}
 p - a scroll of magic mapping {unknown}
 q - a scroll of blinking {unknown}
 r - 3 scrolls of identify {unknown}
Potions
 b - 4 potions of curing {unknown}
 d - 2 potions of mutation {unknown}
 e - a potion of degeneration {unknown}
 i - a potion of magic {unknown}
 j - a potion of ambrosia {unknown}
 m - a potion of lignification {unknown}
 n - 2 potions of invisibility {unknown}


   Skills:
 + Level 1.8 Fighting
 + Level 2.7 Crossbows
 + Level 1.8 Dodging
 + Level 0.1 Stealth
 * Level 1.8 Spellcasting
 * Level 3.5 Hexes
 + Level 0.4 Air Magic


You had 2 spell levels left.
You knew the following spells:

 Your Spells              Type           Power      Damage    Failure   Level
a - Slow                  Hex            11%        N/A       9%          2
b - Shock                 Conj/Air       4%         1d3       22%         1
c - Foxfire               Conj/Fire      4%         2x1d4     24%         1

Your spell library contained the following spells:

 Spells                   Type           Power      Damage    Failure   Level
 Inner Flame              Hex/Fire       6%         N/A       34%         3
 Portal Projectile        Hex/Tloc       12%        N/A       34%         3
 Cause Fear               Hex            5%         N/A       50%         4


Dungeon Overview and Level Annotations

Branches:
Dungeon (4/15)
 Temple: D:4-7

Altars:
Trog
Vehumet


Innate Abilities, Weirdness & Mutations

Your plain brown scales are hard. (AC +5)
You cannot fit into any form of body armour.
You are cold-blooded and may be slowed by cold attacks.


Message History

Really attack while wielding your +0 hand crossbow? [Y]es or [N]o only, please.
Really attack while wielding your +0 hand crossbow?
Okay, then.
You are too injured to fight recklessly!
You are too injured to fight recklessly!
Fire: 4 bolts
Press: ? - help, Q - select action, (/) - cycle Shift-Dir - straight line, f/p - orc
Aim: an orc, wielding a +1 flail of protection (heavily wounded, 62% to hit)
You shoot a bolt. The bolt barely misses the orc.
The bolt closely misses the orc.
The orc hits you with a +1 flail of protection.
* * * LOW HITPOINT WARNING * * *
Your magical contamination has completely faded away.
The orc misses you.
There is an open door here.
There is a stone staircase leading up here.
The orc closely misses you.
You climb upwards.
There is a stone staircase leading down here.
You are too injured to fight recklessly!
Casting: Shock (safe; 22% risk of failure)
Confirm with . or Enter, or press ? or * to list all spells.
Aiming: Shock (safe; 22% risk of failure)
Press: ? - help, Shift-Dir - straight line The zap hits the orc.
The orc is heavily wounded.
The zap hits the orc but does no damage.
The orc is heavily wounded.
The orc hits you with a +1 flail of protection!
* * * LOW HITPOINT WARNING * * *
Casting: Shock (safe; 22% risk of failure)
Confirm with . or Enter, or press ? or * to list all spells.
Aiming: Shock (safe; 22% risk of failure)
Press: ? - help, Shift-Dir - straight line You miscast Shock.
You are very lightly contaminated with residual magic.
Nothing appears to happen.
The orc hits you with a +1 flail of protection.
You die...

####..........#
#.............####
#.######.......... #.#
#.......... #.# #..........
#.# #.#########
#.######.#########
#.o...............
#@................
##################.#######..
#<.................# #####..
#################### #......
#...... #...... #......
####### #


You could see an orc.

Vanquished Creatures
  3 gnolls (D:4)
  An adder (D:2)
  An adder skeleton (D:4)
  4 dart slugs (D:1)
  4 orcs
  4 bats
  2 endoplasms (D:3)
  2 giant cockroaches
  4 hobgoblins
  2 jackals (D:2)
  2 quokkas
  3 ball pythons
  4 frilled lizards
  2 goblins
  4 kobolds
  6 rats
48 creatures vanquished.

Vanquished Creatures (others)
  18 foxfires
18 creatures vanquished.

Grand Total: 66 creatures vanquished

Notes
Turn   | Place    | Note
-------+----------+-------------------------------------------
     0 | D:1      | Lekart the Draconian Arcane Marksman began the quest for
                  | the Orb.
     0 | D:1      | Reached XP level 1. HP: 16/16 MP: 2/2
    73 | D:1      | Reached skill level 3 in Hexes
    87 | D:1      | Reached XP level 2. HP: 23/23 MP: 3/3
    98 | D:1      | Learned a level 2 spell: Slow
   552 | D:1      | Found a faded altar of an unknown god.
   586 | D:1      | Prayed at the altar of an unknown god.
   586 | D:1      | Became a worshipper of Vehumet
   586 | D:1      | Reached * piety under Vehumet
   586 | D:1      | Offered knowledge of Shock by Vehumet.
   589 | D:1      | Learned a level 1 spell: Shock
  1073 | D:2      | Reached XP level 3. HP: 28/28 MP: 2/4
  1681 | D:2      | You fall into a shaft and drop 1 floor!
  1743 | D:3      | Reached ** piety under Vehumet
  1743 | D:3      | Offered knowledge of Foxfire by Vehumet.
  1746 | D:3      | Learned a level 1 spell: Foxfire
  1798 | D:3      | Found a bloodstained altar of Trog.
  2377 | D:4      | Reached XP level 4. HP: 35/35 MP: 3/6
  2801 | D:3      | Slain by an orc

Illustrated notes

Levels and vault maps discovered:
D:1:      wander_arrival_peaceful_grave, layout_basic, basic_ecumenical_altar,
          minmay_ruptured
D:2:      layout_basic, minmay_small_reverse_x
D:3:      layout_basic, amcnicky_altar_gilded
D:4:      layout_basic, elyvilon_altar_5, nicolae_shop_firing_range

Skill      XL: |  1  2 |
---------------+-------+-----
Hexes          | 3 |  3.5
Crossbows      | 2 |  2.7
Fighting       | |  1.8
Dodging        | |  1.8
Stealth        | |  0.1
Spellcasting   | |  1.8
Air Magic      | |  0.4

Action                   |  1- 3 |  4- 6 || total
-------------------------+-------+-------++-------
 Fire: Hand crossbow     |    77 |    31 ||   108
 Cast: Slow              |    11 |     1 ||    12
       Shock             |    20 |     5 ||    25
       Foxfire           |    11 |       ||    11
Armor: Skin              |    11 |    11 ||    22
Dodge: Dodged            |    14 |    22 ||    36

Table legend: (Time is in decaauts)
 A = Elapsed time spent in this place.
 B = Non-inter-level travel time spent in this place.
 C = Inter-level travel time spent in this place.
 D = Time resting spent in this place.
 E = Time spent auto-exploring this place.
 F = Levels seen in this place.
 G = Mean time per level.
                   A        B        C        D        E       F      G
               +--------+--------+--------+--------+--------+-----+--------+
         Total |   2842 |   2787 |     55 |    210 |   2166 |   4 |  710.5 |
       Dungeon |   2842 |   2787 |     55 |    210 |   2166 |   4 |  710.5 |
               +--------+--------+--------+--------+--------+-----+--------+

Top non-repeatable levels by time:
     D:1: 1087 daAuts
     D:3: 660 daAuts
     D:2: 620 daAuts
     D:4: 473 daAuts
